 Dungeon Crawl Stone Soup version 0.31.0-32-g396128a36d (webtiles) character file.

Game seed: 4451797465846166772

17425 Sheol the Fighter (level 12, -9/118 HPs)
             Began as a Minotaur Berserker on Mar 28, 2024.
             Was an Elder of Trog.
             Mangled by a spriggan rider
             ... wielding a +0 spear
              (14 damage)
             ... on level 11 of the Dungeon on Apr 12, 2024.
             The game lasted 00:34:00 (10875 turns).

Sheol the Fighter (Minotaur Berserker)             Turns: 10875, Time: 00:34:01

Health: -9/118     AC: 19    Str: 26    XL:     12   Next: 18%
Magic:  11/11      EV: 15    Int:  4    God:    Trog [****..]
Gold:   479        SH:  6    Dex: 11    Spells: 11/11 levels left

rFire   . . .        M - +2 morningstar (heavy)
rCold   . . .        f - +0 buckler
rNeg    . . .        V - +2 plate armour
rPois   .            (helmet restricted)
rElec   .            U - +0 cloak
rCorr   .            D - +0 pair of gloves
SInv    +            (no boots)
Will    .....        (no amulet) Stlth
                     q - +5 ring of evasion
HPRegen 0.39/turn    x - ring of see invisible
MPRegen 0.12/turn

%: no passive effects
@: on berserk cooldown, slowed, very slow
A: horns 2, retaliatory headbutt
a: Renounce Religion, Berserk, Trog's Hand, Brothers in Arms


You were on level 11 of the Dungeon.
You worshipped Trog.
Trog was greatly pleased with you.
You visited 1 branch of the dungeon, and saw 11 of its levels.

You collected 515 gold pieces.
You spent 36 gold pieces at shops.

Inventory:

Hand Weapons
 y - a +2 flail of holy wrath
 J - a -2 demon whip of venom
 M - a +2 heavy morningstar (weapon)
Missiles
 b - 31 poisoned darts (quivered)
 r - 2 throwing nets
 s - 5 javelins
 t - 4 atropa-tipped darts
 z - 5 boomerangs
 C - a curare-tipped dart
Armour
 f - a +0 buckler (worn)
 D - a +0 pair of gloves (worn)
 U - a +0 cloak (worn)
 V - a +2 plate armour (worn)
Jewellery
 j - a ring of positive energy
 p - a ring of protection from cold
 q - a +5 ring of evasion (left hand)
 x - a ring of see invisible (right hand)
 A - a ring of protection from fire
 K - a +4 ring of slaying
 T - a ring of fire
Wands
 g - a wand of light (4)
 k - a wand of roots (38)
 o - a wand of paralysis (22)
 I - a wand of flame (51)
 L - a wand of polymorph (12)
Scrolls
 a - 4 scrolls of fog
 d - a scroll of identify
 h - a scroll of silence
 l - 2 scrolls of fear
 n - 7 scrolls of teleportation
 B - a scroll of summoning
 Q - 2 scrolls of blinking {unknown}
 R - a scroll of revelation {unknown}
Potions
 c - a potion of berserk rage {unknown}
 e - 6 potions of curing
 i - 3 potions of mutation {unknown}
 u - 5 potions of heal wounds {unknown}
 v - 5 potions of enlightenment {unknown}
 E - 2 potions of ambrosia {unknown}
 H - 4 potions of degeneration {unknown}
 N - a potion of might {unknown}
 O - a potion of resistance {unknown}
 P - a potion of attraction {unknown}
Miscellaneous
 S - a phial of floods


   Skills:
 * Level 14.4 Fighting
 + Level 10.7 Maces & Flails
 + Level 10.3 Armour
 + Level 9.2 Dodging
 + Level 9.6 Shields


You had 11 spell levels left.
You didn't know any spells.
Your spell library was empty.

Dungeon Overview and Level Annotations

Branches:
Dungeon (11/15)            Temple (0/1) D:4            Lair (0/5) D:11
    Orc (0/2) D:10

Altars:
Elyvilon
Nemelex Xobeh
Zin

Shops:
D:4 [   D:6 !   D:7 *


Innate Abilities, Weirdness & Mutations

You have a pair of horns on your head.
You reflexively headbutt those who attack you in melee.


Message History

The polar bear bites you! The polar bear barely misses you.
The polar bear claws you but does no damage.
The spriggan hits you from afar with the +7 trident of the Gnashing Ancients {speed, Int+3}.
The spriggan barely misses you.
The polar bear goes berserk!
The spriggan rider hits you but does no damage.
The spriggan misses you. The polar bear closely misses you.
The polar bear claws you but does no damage. x2
The spriggan rider hits you from afar with a +0 spear!
You stick the polar bear like a pincushion!!!
You kill the polar bear!
Trog accepts your kill.
The spriggan hits you from afar with the +7 trident of the Gnashing Ancients {speed, Int+3}!!
The spriggan closely misses you. The spriggan rider closely misses you.
The spriggan hits you from afar with the +7 trident of the Gnashing Ancients {speed, Int+3}!
The spriggan rider hits you from afar with a +0 spear!
* * * LOW HITPOINT WARNING * * *
The spriggan misses you. The spriggan closely misses you.
The spriggan rider barely misses you. You furiously retaliate!
You headbutt the spriggan rider, but do no damage.
The spriggan hits you but does no damage.
Things that are here:
a +0 trident; a +0 robe; a polar bear corpse You beat the spriggan rider like a drum!!!
The spriggan rider is severely wounded.
You block the spriggan rider's attack. The spriggan barely misses you.
You furiously retaliate!
You headbutt the spriggan! You block the spriggan's attack.
The spriggan rider hits you with a +0 spear!
* * * LOW HITPOINT WARNING * * *
The spriggan misses you.
The spriggan rider hits you with a +0 spear.
* * * LOW HITPOINT WARNING * * *
The spriggan hits you with the +7 trident of the Gnashing Ancients {speed, Int+3}!
* * * LOW HITPOINT WARNING * * *
You thump the spriggan!
The spriggan is severely wounded.
The spriggan misses you. You furiously retaliate!
You headbutt the spriggan.
The spriggan rider hits you with a +0 spear!
You die...

...# #.........#........... ...#
#....######...######.. ...#
#....#........# #.# ...#
#....######...# #.# ...#
#.........#...# #.# ...#######
#.........#...# #.# .........#
##8...8####...# #.#
....#'####♣)###'###.♣#...# #.#
....#...##♣.♣.♣♣@♣$♣♣#...# #.#
....#....#♣♣..i♣ii♣♣ #...# #..
....#....##♣.i♣!..♣ #.).# #..
....#.....#♣...♣♣.. #...######..
#...#.....#♣♣.♣ .♣♣ #...........
#...#.....# ♣♣ ♣♣###...........
#...################.#.[.........
'....................###.........
#......................#######'##


You could see a spriggan rider and a spriggan.

Vanquished Creatures
  The ghost of spacedv the Cleaver, a journeyman HOCA of Beogh (D:11)
  An ogre mage (D:11)
  A boulder beetle (D:11)
  5 two-headed ogres
  Amaemon (D:8)
  An arcanist (D:11)
  An orc knight (D:11)
  A cyclops (D:11)
  2 manticores (D:11)
  An orange demon (D:8)
  Joseph (D:7)
  Maggie (D:7)
  A kobold demonologist (D:10)
  2 freezing wraiths (D:11)
  2 komodo dragons (D:11)
  A yaktaur (D:11)
  4 trolls
  A hornet (D:8)
  Prince Ribbit (D:7)
  A polar bear (D:11)
  Sigmund (D:3)
  2 shadows (D:9)
  A spriggan (D:11)
  A wraith (D:11)
  Grum (D:8)
  A wyvern (D:9)
  A basilisk (D:11)
  5 yaks
  4 vampire mosquitoes
  A steam dragon (D:8)
  Menkaure (D:5)
  A water moccasin (D:6)
  An acid dragon (shapeshifter) (D:11)
  Duvessa (D:7)
  A sky beast (D:7)
  An ice beast (D:5)
  A laughing skull (D:11)
  2 orc warriors (D:10)
  3 centaurs
  2 ogres
  3 wolves (D:7)
  A bullfrog (D:8)
  3 kobold brigands
  2 scorpions (D:5)
  5 wights (D:8)
  Dowan (D:7)
  3 killer bees (D:8)
  2 bombardier beetles (D:5)
  6 howler monkeys
  5 orc priests
  A gnoll bouda (D:5)
  7 hounds
  A jelly (D:6)
  Ijyb (D:5)
  Jessica (D:2)
  Terence (D:2)
  2 iguanas
  6 orc wizards
  Natasha (thrice) (D:4)
  13 gnolls
  7 adders
  A shadow imp (D:6)
  A white imp (D:5)
  2 dart slugs
  2 ribbon worms
  19 orcs
  5 endoplasms
  6 giant cockroaches
  10 goblins
  6 hobgoblins
  3 jackals (D:1)
  18 kobolds
  3 quokkas
  3 ball pythons
  8 bats
  2 frilled lizards (D:1)
  7 rats
232 creatures vanquished.

Notes
Turn   | Place    | Note
-------+----------+-------------------------------------------
     0 | D:1      | Sheol the Minotaur Berserker began the quest for the Orb.
     0 | D:1      | Reached XP level 1. HP: 19/19 MP: 0/0
    90 | D:1      | Reached XP level 2. HP: 27/27 MP: 1/1
    94 | D:1      | Reached skill level 4 in Fighting
   476 | D:1      | Reached XP level 3. HP: 33/33 MP: 2/2
   577 | D:2      | Noticed Terence
   584 | D:2      | Killed Terence
   585 | D:2      | Reached skill level 1 in Shields
   683 | D:2      | Reached ** piety under Trog
   684 | D:2      | Reached XP level 4. HP: 22/41 MP: 3/3
   901 | D:2      | Noticed Jessica
   909 | D:2      | Killed Jessica
   910 | D:2      | Reached skill level 5 in Fighting
   979 | D:2      | Reached XP level 5. HP: 38/48 MP: 4/4
  1259 | D:2      | Found a faded altar of an unknown god.
  1766 | D:3      | Noticed Sigmund
  1782 | D:3      | Killed Sigmund
  1783 | D:3      | Reached XP level 6. HP: 57/57 MP: 5/5
  2299 | D:4      | Reached skill level 6 in Fighting
  2336 | D:4      | Reached skill level 5 in Maces & Flails
  2392 | D:4      | Reached XP level 7. HP: 64/64 MP: 6/6
  2400 | D:4      | Noticed Natasha
  2409 | D:4      | Killed Natasha
  2551 | D:4      | Noticed Natasha
  2560 | D:4      | Killed Natasha
  2742 | D:4      | Found a staircase to the Ecumenical Temple.
  2927 | D:4      | Noticed Natasha
  2932 | D:4      | Killed Natasha
  2987 | D:4      | Found Omauskeb's Antique Armour Boutique.
  3078 | D:5      | Entered Level 5 of the Dungeon
  3182 | D:5      | Identified the +5 sling of the Maze {heavy, rPois rCorr}
  3239 | D:5      | Reached skill level 7 in Fighting
  3384 | D:5      | Reached *** piety under Trog
  3385 | D:5      | Reached skill level 5 in Armour
  3432 | D:5      | Reached XP level 8. HP: 69/73 MP: 7/7
  3543 | D:5      | Noticed Ijyb
  3577 | D:5      | Killed Ijyb
  3813 | D:5      | Reached skill level 8 in Fighting
  3998 | D:5      | Noticed Menkaure
  4004 | D:5      | Killed Menkaure
  4005 | D:5      | Reached skill level 5 in Dodging
  4135 | D:6      | Found the +8 arc blade {discharge, rElec}
  4262 | D:6      | Found Qacuscho's Distillery.
  4272 | D:6      | Reached skill level 5 in Shields
  4329 | D:6      | Bought a potion of curing for 36 gold pieces
  4864 | D:7      | Reached skill level 9 in Fighting
  4865 | D:7      | Reached XP level 9. HP: 81/83 MP: 8/8
  4913 | D:7      | Noticed Maggie
  4923 | D:7      | Killed Maggie
  5048 | D:7      | Noticed Dowan
  5049 | D:7      | Noticed Duvessa
  5061 | D:7      | Killed Dowan
  5069 | D:7      | Killed Duvessa
  5231 | D:7      | Noticed a two-headed ogre
  5239 | D:7      | Killed a two-headed ogre
  5240 | D:7      | Reached skill level 10 in Fighting
  5326 | D:7      | Found a glowing silver altar of Zin.
  5384 | D:7      | Found Qistotse's Assorted Antiques.
  5531 | D:7      | Noticed Prince Ribbit
  5534 | D:7      | Noticed Joseph
  5543 | D:7      | Killed Prince Ribbit
  5548 | D:7      | Killed Joseph
  6145 | D:8      | Noticed Grum
  6251 | D:7      | Reached XP level 10. HP: 94/94 MP: 9/9
  6295 | D:8      | Killed Grum
  6596 | D:8      | Noticed an orange demon
  6625 | D:8      | Killed an orange demon
  6626 | D:8      | Reached skill level 11 in Fighting
  6793 | D:8      | Noticed Amaemon
  6803 | D:8      | Killed Amaemon
  7234 | D:8      | Found a white marble altar of Elyvilon.
  7633 | D:8      | Identified the +5 chain mail of Xinadajo {rCorr Int+5 SInv}
  7875 | D:9      | Noticed a two-headed ogre
  7879 | D:9      | Killed a two-headed ogre
  7880 | D:9      | Reached skill level 12 in Fighting
  8073 | D:9      | Reached **** piety under Trog
  8225 | D:10     | Entered Level 10 of the Dungeon
  8261 | D:10     | Found a staircase to the Orcish Mines.
  8266 | D:10     | Noticed a two-headed ogre
  8289 | D:9      | Killed a two-headed ogre
  8290 | D:9      | Reached XP level 11. HP: 93/105 MP: 10/10
  8425 | D:10     | Found a sparkling altar of Nemelex Xobeh.
  8472 | D:10     | Noticed a two-headed ogre
  8482 | D:10     | Killed a two-headed ogre
  8801 | D:11     | Noticed an ogre mage
  8808 | D:11     | Killed an ogre mage
  8895 | D:11     | Noticed a two-headed ogre
  8902 | D:11     | Killed a two-headed ogre
  8903 | D:11     | Reached skill level 13 in Fighting
  9022 | D:11     | Noticed a boulder beetle
  9141 | D:11     | Killed a boulder beetle
  9489 | D:10     | Reached skill level 10 in Maces & Flails
  9713 | D:11     | Found a staircase to the Lair.
  9778 | D:11     | Identified the maw talisman "Mouqicu" {Stlth+}
 10300 | D:11     | Found a runed translucent door.
 10301 | D:11     | Identified the +7 trident of the Gnashing Ancients {speed,
                  | Int+3}
 10303 | D:11     | Noticed a spriggan rider
 10307 | D:11     | Noticed spacedv's ghost (journeyman HOCA)
 10422 | D:11     | Noticed an orc knight
 10424 | D:11     | Noticed an arcanist
 10427 | D:11     | Reached skill level 10 in Armour
 10432 | D:11     | Reached skill level 14 in Fighting
 10433 | D:11     | Reached XP level 12. HP: 117/117 MP: 11/11
 10867 | D:11     | Killed spacedv's ghost
 10874 | D:11     | HP: 4/118 [spriggan/the +7 trident of the Gnashing Ancients
                  | {speed, Int+3} (12)]
 10875 | D:11     | Mangled by a spriggan rider

Illustrated notes

Levels and vault maps discovered:
D:1:      mainiacjoe_arrival_reflecting_pool, layout_rooms
D:2:      layout_basic, shapermc_ecumenical_altar_totnotflames, uniq_jessica,
          uniq_terence
D:3:      layout_rooms, minmay_cupped, uniq_sigmund
D:4:      layout_cave_pools, minmay_temple_entry_junction, serial_shops,
          nicolae_shop_trees, grunt_ministairs_7, uniq_natasha
D:5:      layout_basic, kb_lookout_dungeons_type, uniq_menkaure, uniq_ijyb
D:6:      layout_cave_pools, serial_shops, shop
D:7:      layout_layer_cave, zin_scriptorium, serial_shops, nicolae_shop_stone,
          uniq_joseph, uniq_prince_ribbit1, uniq_duvessa, uniq_maggie
D:8:      layout_rooms, elyvilon_altar_3, nicolae_twisty_statue_hallways,
          uniq_grum, uniq_amaemon
D:9:      layout_roguey, kennysheep_doodads
D:10:     layout_cave_pools, nemelex_spade_bored_becter, orc_0_dummy
D:11:     minmay_blocky_corners, layout_irregular_city, david_lair_shrubbed,
          ebering_ghost_funeral_grove, mrwooster_statue_mirror, kb_rosetta

Skill      XL: |  1  2  3  4  5  6  7  8  9 10 11 |
---------------+----------------------------------+-----
Fighting       | 4 5 6 7 9 10 12 14 | 14.4
Maces & Flails | 4 5 6 8 9 10 | 10.7
Armour         | 3 4 5 6 7 8 10 | 10.3
Shields        | 1 2 3 4 5 6 8 9 |  9.6
Dodging        | 3 4 5 6 7 9 |  9.2

Action                     |  1- 3 |  4- 6 |  7- 9 | 10-12 || total
---------------------------+-------+-------+-------+-------++-------
  Melee: Mace              |    67 |     7 |       |       ||    74
         Headbutt          |    11 |    15 |    36 |    38 ||   100
         Flail             |       |    91 |   259 |    76 ||   426
         Morningstar       |       |       |       |   129 ||   129
 Invoke: Berserk           |     1 |     3 |     8 |     9 ||    21
    Use: Scroll            |       |       |       |    12 ||    12
 Armour: Chain mail        |    41 |    67 |   146 |   110 ||   364
         Animal skin       |     2 |       |       |       ||     2
         Plate armour      |       |       |       |    96 ||    96
  Dodge: Dodged            |    28 |    59 |   168 |   206 ||   461
  Block: Buckler           |     9 |    14 |    62 |    78 ||   163
